 Dungeon Crawl Stone Soup version 0.29-a0-973-gac7da5f7f0 (webtiles) character file.

Game seed: 2015633469364543240

35 mathmaestro the Grave Robber (level 3, 26/26 HPs)
             Began as a Demonspawn Necromancer on July 31, 2022.
             Quit the game on level 2 of the Dungeon.
             The game lasted 00:02:38 (1546 turns).

mathmaestro the Grave Robber (DsNe)                 Turns: 1546, Time: 00:02:39

Health: 26/26      AC:  3    Str:  8    XL:     3   Next: 16%
Magic:  1/6        EV: 11    Int: 18    God:
Gold:   29         SH:  0    Dex: 13    Spells: 2/6 levels left

rFire   . . .      SeeInvis .   g - +3 dagger
rCold   . . .      Faith    .   (no shield)
rNeg    . . .      Spirit   .   h - +0 leather armour
rPois   .          Reflect  .   (helmet restricted)
rElec   .          Harm     .   (no cloak)
rCorr   .          Rampage  .   (no gloves)
Will    .....                   (no boots)
Stlth   ++........              (no amulet)
HPRegen 0.08/turn               (no ring)
MPRegen 0.10/turn               (no ring)

@: no status effects
A: antennae 1, foul stench 1
a: no special abilities


You were on level 2 of the Dungeon.
You visited 1 branch of the dungeon, and saw 2 of its levels.

You collected 29 gold pieces.

Inventory:

Hand Weapons
 d - a +0 falchion
 g - a +3 dagger (weapon)
Armour
 h - a +0 leather armour (worn)
Scrolls
 e - 2 scrolls of poison {unknown}
 f - 2 scrolls of identify {unknown}
 i - a scroll of blinking {unknown}
 k - a scroll of teleportation {unknown}
Potions
 a - a potion of berserk rage {unknown}
 b - a potion of magic
 c - a potion of curing {unknown}
 j - a potion of flight {unknown}


   Skills:
 + Level 1.2 Fighting
 - Level 2.0 Dodging
 - Level 2.0 Stealth
 + Level 2.4 Spellcasting
 + Level 4.7 Necromancy


You had 2 spell levels left.
You knew the following spells:

 Your Spells              Type           Power      Damage    Failure   Level
a - Necrotise             Necr           76%        1d7       3%          1
b - Vampiric Draining     Necr           19%        2d7       11%         3

Your spell library contained the following spells:

 Spells                   Type           Power      Damage    Failure   Level
 Animate Dead             Necr           19%        N/A       34%         4
 Agony                    Necr           19%        N/A       69%         5


Dungeon Overview and Level Annotations

Branches:
Dungeon (2/15)

Altars:

Shops:
D:2 [


Innate Abilities, Weirdness & Mutations

You have a pair of small antennae on your head.
You may rarely emit foul miasma when damaged in melee.


Message History

Aim: a goblin, wielding a +0 dagger (chance to affect: 86%)
The goblin writhes in agony.
Casting: Necrotise (safe; 4% risk of failure)
Confirm with . or Enter, or press ? or * to list all spells.
Aiming: Necrotise (safe; 4% risk of failure)
Press: ? - help, Shift-Dir - straight line, f/p - goblin
Aim: a goblin, wielding a +0 dagger (severely wounded, chance to affect: 86%)
The goblin writhes in agony!
You kill the goblin!
The dead are walking!
An adder comes into view.
Found a pair of boots.
There is a stone staircase leading up here.
You see here a +0 dagger.
Casting: Necrotise (safe; 4% risk of failure)
Confirm with . or Enter, or press ? or * to list all spells.
Aiming: Necrotise (safe; 4% risk of failure)
Press: ? - help, Shift-Dir - straight line, f - adder
Aim: an adder (ally target, chance to affect: 80%)
The adder writhes in agony.
Casting: Necrotise (safe; 4% risk of failure)
Confirm with . or Enter, or press ? or * to list all spells.
Aiming: Necrotise (safe; 4% risk of failure)
Press: ? - help, Shift-Dir - straight line, f/p - adder
Aim: an adder (heavily wounded, ally target, chance to affect: 80%)
The adder barely resists.
The adder bites you but does no damage.
Your goblin skeleton hits the adder.
You catch the helpless adder completely off-guard!
You puncture the adder!
You kill the adder!
You have reached level 3!
Your experience leads to an increase in your attributes!
Increase (S)trength, (I)ntelligence, or (D)exterity?
You feel clever. x2; Your demonic ancestry asserts itself...
You begin to emit a foul stench of rot and decay.
This spell is quite dangerous to cast!
Memorise Vampiric Draining, consuming 3 spell levels and leaving 2?
You start memorising the spell.
You continue memorising. x3
You finish memorising.
Spell assigned to 'b'.
Are you sure you want to abandon this character and quit the game? (Confirm with "yes".)

.......######
......[.....
...........#
#..........# #
.........##.#
#...........
#.Z....##
#..@....#
#..<....##.
###<.......
#..###[... #.##
... ..
......)........
#..
.>...#.........
#.. ....
#.$.....^ ##.
#.. #..##....


You could see a friendly goblin skeleton.

Vanquished Creatures
  An adder (D:2)
  A dart slug (D:2)
  2 ball pythons
  2 bats
  5 endoplasms (D:1)
  A giant cockroach (D:1)
  A quokka (D:1)
  3 frilled lizards
  3 goblins
  A kobold (D:1)
  2 rats (D:1)
22 creatures vanquished.

Notes
Turn   | Place    | Note
-------+----------+-------------------------------------------
     0 | D:1      | mathmaestro the Demonspawn Necromancer began the quest for
                  | the Orb.
     0 | D:1      | Reached XP level 1. HP: 13/13 MP: 3/3
   504 | D:1      | You fall into a shaft and drop 1 floor!
   506 | D:2      | Found Doxt's Armour Emporium.
   565 | D:2      | Gained mutation: You have a pair of small antennae on your
                  | head. [demonic ancestry]
   565 | D:2      | Reached XP level 2. HP: 12/20 MP: 1/5
  1188 | D:1      | Reached skill level 1 in Fighting
  1542 | D:2      | Gained mutation: You may rarely emit foul miasma when
                  | damaged in melee. [demonic ancestry]
  1542 | D:2      | Reached XP level 3. HP: 26/26 MP: 0/6
  1546 | D:2      | Learned a level 3 spell: Vampiric Draining
  1546 | D:2      | Quit the game

Illustrated notes

Levels and vault maps discovered:
D:1:      lightli_arrival_farm, layout_basic
D:2:      layout_rooms, serial_shops, nicolae_shop_window_shopping, shop,
          nicolae_shop_stone, shapermc_ecumenical_altar_mp_vishouse,
          serial_curves, eino_curves_01, eino_curves_01, minmay_misc_feat_five

Skill      XL: |  1  2 |
---------------+-------+-----
Dodging        | 2 |  2.0
Stealth        | 2 |  2.0
Fighting       | 1 |  1.2
Spellcasting   | |  2.4
Necromancy     | |  4.7

Action                   || total
-------------------------++-------
Melee: Club              ||     7
       Dagger            ||     4
 Cast: Necrotise         ||    31
 Stab: Distracted        ||     1
Armor: Robe              ||     4
       Leather armour    ||     2
Dodge: Dodged            ||     3

Table legend: (Time is in decaauts)
 A = Elapsed time spent in this place.
 B = Non-inter-level travel time spent in this place.
 C = Inter-level travel time spent in this place.
 D = Time resting spent in this place.
 E = Time spent auto-exploring this place.
 F = Levels seen in this place.
 G = Mean time per level.
                   A        B        C        D        E       F      G
               +--------+--------+--------+--------+--------+-----+--------+
         Total |   1568 |   1551 |     17 |    215 |   1104 |   2 |  784.0 |
       Dungeon |   1568 |   1551 |     17 |    215 |   1104 |   2 |  784.0 |
               +--------+--------+--------+--------+--------+-----+--------+

Top non-repeatable levels by time:
     D:1: 1342 daAuts
     D:2: 225 daAuts
